 Dungeon Crawl Stone Soup version 0.29.1-12-g30fa7ad0bf (webtiles) character file.

Game seed: 8094064262177959215

54 DildoBatman the Conjurer (level 4, -1/32 HPs)
             Began as a Formicid Conjurer on Dec 28, 2022.
             Slain by an adder (2 damage)
             ... on level 4 of the Dungeon.
             The game lasted 00:03:25 (1998 turns).

DildoBatman the Conjurer (Formicid Conjurer)        Turns: 1998, Time: 00:03:25

Health: -1/32      AC:  2    Str: 12    XL:     4   Next: 12%
Magic:  7/8        EV: 12    Int: 19    God:
Gold:   69         SH:  0    Dex: 12    Spells: 5/8 levels left

rFire   . . .      SeeInvis +   c - +0 trident
rCold   . . .      Faith    .   (no shield)
rNeg    . . .      Spirit   .   a - +0 robe
rPois   .          Reflect  .   (helmet unavailable)
rElec   .          Harm     .   (no cloak)
rCorr   .          Rampage  .   (no gloves)
Will    .....                   (no boots)
Stlth   ++........              (no amulet)
HPRegen 0.10/turn               (no ring)
MPRegen 0.11/turn               (no ring)

@: lethally poisoned (-1 -> -4)
A: permanent stasis, dig shafts and tunnels, antennae 3, four strong arms
a: Dig, Shaft Self


You were on level 4 of the Dungeon.
You visited 1 branch of the dungeon, and saw 3 of its levels.

You collected 89 gold pieces.
You spent 20 gold pieces at shops.

Inventory:

Hand Weapons
 c - a +0 trident (weapon)
Missiles
 d - 22 stones
 h - 5 boomerangs
Armour
 a - a +0 robe (worn)
Scrolls
 e - a scroll of immolation {unknown}
 f - a scroll of enchant weapon {unknown}
 i - a scroll of fear {unknown}
 j - a scroll of magic mapping {unknown}
 k - a scroll of blinking {unknown}
 z - 5 scrolls of identify
Potions
 b - a potion of magic
 g - a potion of brilliance {unknown}


   Skills:
 * Level 1.5 Fighting
 * Level 1.6 Armour
 - Level 2.0 Dodging
 - Level 2.4 Stealth
 * Level 2.8 Spellcasting
 * Level 3.9 Conjurations


You had 5 spell levels left.
You knew the following spells:

 Your Spells              Type           Power      Damage    Failure   Level
a - Searing Ray           Conj           34%        2d5       4%          2
c - Magic Dart            Conj           68%        1d6       3%          1

Your spell library contained the following spells:

 Spells                   Type           Power      Damage    Failure   Level
 Beastly Appendage        Tmut           4%         N/A       16%         1
 Dazzling Flash           Conj/Hex       20%        N/A       21%         3
 Wereblood                Tmut           2%         N/A       24%         2
 Spider Form              Tmut/Pois      2%         N/A       43%         3
 Fulminant Prism          Conj/Hex       5%         3d7       56%         4
 Iskenderun's Mystic Bla  Conj/Tloc      10%        2d4       56%         4


Dungeon Overview and Level Annotations

Branches:
Dungeon (2/15)

Altars:

Shops:
D:1 [=*=


Innate Abilities, Weirdness & Mutations

You cannot be hasted, slowed, berserked, paralysed or teleported.
You can dig through walls and to a lower floor.
You have a pair of large antennae on your head. (SInv)
Your four strong arms can wield two-handed weapons with a shield.


Message History

The adder bites you. What are your orders? t - Shout!
Orders for allies: a - Attack new target. r - Retreat! s - Stop attacking. g - Guard the area. f - Follow me.
Anything else - Cancel.
You shout for attention!
The adder barely misses you. The adder bites you.
What are your orders? t - Shout!
Orders for allies: a - Attack new target. r - Retreat! s - Stop attacking. g - Guard the area. f - Follow me.
Anything else - Cancel.
You shout for attention!
The adder bites you.
You are lethally poisoned!
The adder poisons you! What are your orders? t - Shout!
Orders for allies: a - Attack new target. r - Retreat! s - Stop attacking. g - Guard the area. f - Follow me.
Anything else - Cancel.
You shout for attention!
You feel sick. The adder barely misses you. What are your orders? t - Shout!
Orders for allies: a - Attack new target. r - Retreat! s - Stop attacking. g - Guard the area. f - Follow me.
Anything else - Cancel.
You shout for attention!
You feel sick. The adder bites you but does no damage. The adder bites you.
You die...

#######
.......
##...§§..
##...§§§§§
#.@S#
#..##.#
#.§ ..
#..§ ...
#§§§ #.#
#§§§ #
#.≈≈ #.≈≈


You could see an adder.

Vanquished Creatures
  A gnoll (D:1)
  An adder (D:2)
  2 dart slugs
  7 ball pythons
  3 bats
  2 endoplasms (D:1)
  5 goblins
  2 hobgoblins (D:1)
  A quokka (D:1)
  3 frilled lizards
  2 kobolds (D:1)
  2 rats (D:1)
31 creatures vanquished.

Notes
Turn   | Place    | Note
-------+----------+-------------------------------------------
     0 | D:1      | DildoBatman the Formicid Conjurer began the quest for the
                  | Orb.
     0 | D:1      | Reached XP level 1. HP: 13/13 MP: 3/3
     8 | D:1      | Found Vuypegh's Antique Armour Emporium.
    25 | D:1      | Found Pok Tego's General Store.
   199 | D:1      | Reached XP level 2. HP: 20/20 MP: 3/5
   202 | D:1      | Learned a level 2 spell: Searing Ray
   272 | D:1      | Found Qelis's Jewellery Shop.
   393 | D:1      | Found Luske's Jewellery Emporium.
   731 | D:1      | Reached skill level 1 in Fighting
   731 | D:1      | Reached skill level 1 in Armour
   731 | D:1      | Reached XP level 3. HP: 17/26 MP: 0/6
  1540 | D:1      | Bought a scroll of identify for 20 gold pieces
  1586 | D:2      | Found a faded altar of an unknown god.
  1966 | D:2      | Reached XP level 4. HP: 32/32 MP: 4/8
  1968 | D:2      | You fall into a shaft and drop 2 floors!
  1998 | D:4      | HP: 1/32 [poisoned by an adder]
  1998 | D:4      | Slain by an adder

Illustrated notes

Levels and vault maps discovered:
D:1:      dpeg_arrival_rooms_with_view, layout_loops_cross, serial_shops, shop,
          nicolae_shop_crystal, nicolae_shop_trees,
          nicolae_shop_overgrown_old_shop, serial_co_window_serial,
          co_window_of_opportunity_a, co_window_corner_a, co_window_paths_a,
          co_window_paths_a, co_window_cross_1, co_window_paths_a,
          co_window_paths_a, co_window_paths_a, co_window_corner_a,
          co_window_unsneaky_path_a, co_window_unsneaky_path_a,
          co_window_2corner, co_window_2corner, glass_columns_a,
          glass_columns_b, glass_columns_c, glass_columns_a
D:2:      layout_basic, nicolae_ecumenical_pavilion
D:4:      layout_cave_pods, minmay_temple_entry_mist, grunt_decor_junction

Skill      XL: |  1  2 |
---------------+-------+-----
Dodging        | 2 |  2.0
Fighting       | 1 |  1.5
Armour         | 1 |  1.6
Stealth        | |  2.4
Spellcasting   | |  2.8
Conjurations   | |  3.9

Action                   |  1- 3 |  4- 6 || total
-------------------------+-------+-------++-------
Melee: Trident           |    17 |       ||    17
 Cast: Magic Dart        |    54 |       ||    54
       Searing Ray       |     4 |       ||     4
 Abil: Shaft Self        |       |     1 ||     1
Armor: Robe              |     5 |     2 ||     7
Dodge: Dodged            |    20 |    13 ||    33
